 Dungeon Crawl Stone Soup version 0.18.1-50-g88ac8fd (webtiles) character file.

418447 mmcf the Grand Gadgeteer (level 24, 0/170 HPs)
             Began as a Kobold Assassin on Sept 17, 2016.
             Was the Champion of Pakellas.
             Killed by the air
             ... invoked by a spriggan air mage
              (17 damage)
             ... on level 2 of the Depths on Sept 27, 2016.
             The game lasted 05:01:57 (93500 turns).

mmcf the Grand Gadgeteer (Kobold Assassin)         Turns: 93500, Time: 05:01:58

Health: 0/170      AC: 26    Str: 18    XL:     24   Next: 80%
Magic:  22/48      EV: 38    Int: 14    God:    Pakellas [******]
Gold:   2648       SH:  3    Dex: 41    Spells: 5 memorised, 16 levels left

rFire  . . .     SeeInvis +     b - +6 quick blade (freeze)
rCold  + . .     Gourm    .     D - +4 scale mail of Gluttony {rC+ Dex+7 SInv}
rNeg   + . .     Faith    .     (shield restricted)
rPois  +         Spirit   .     Y - +2 helmet
rElec  .         Dismiss  .     l - +2 cloak of the Stars {Dex+4}
rCorr  .         Reflect  +     O - +2 pair of gloves {Dex+3}
SustAt .         Harm     .     G - +2 pair of boots
MR     +....                    Q - amulet of Ryuqood {Reflect rPois SH+3}
Stlth  +++++++++.               v - +4 ring of evasion
                                P - ring "Jedeq" {rN+ MP+9 Str+5 Int+4 Dex+3}

@: somewhat resistant to hostile enchantments, incredibly stealthy
A: repulsion field 1, carnivore 3
a: Quick Charge, Device Surge, Supercharge, Renounce Religion
}: 2/15 runes: decaying, gossamer


You were on level 2 of the Depths.
You worshipped Pakellas.
Pakellas was exalted by your worship.
You were completely stuffed.

You visited 9 branches of the dungeon, and saw 43 of its levels.
You visited the Abyss 2 times.

You collected 6926 gold pieces.
You spent 4278 gold pieces at shops.

Inventory:

Hand Weapons
 b - a +6 quick blade of freezing (weapon)
 i - a +0 blowgun
Missiles
 o - 62 poisoned needles
 q - 11 curare-tipped needles
 J - 11 needles of confusion
 T - 7 needles of paralysis
 U - 4 throwing nets (quivered)
Armour
 l - the +2 cloak of the Stars (worn) {Dex+4}
   (You found it on level 12 of the Dungeon)

   It affects your dexterity (+4).
 D - the +4 scale mail of Gluttony (worn) {rC+ Dex+7 SInv}
   (You bought it in a shop on level 2 of the Orcish Mines)

   It affects your dexterity (+7).
   It protects you from cold.
   It lets you see invisible.
 G - a +2 pair of boots (worn)
 O - a +2 pair of gloves of dexterity (worn)
 S - the +8 chain mail "Juunn" {rPois rC+++ Dex-3 Stlth+}
   (You acquired it on level 3 of the Elven Halls)

   It affects your dexterity (-3).
   It renders you almost immune to cold.
   It protects you from poison.
   It makes you more stealthy.
 Y - a +2 helmet (worn)
Rods
 a - a +8 iron rod (13/13)
   (Pakellas gifted it to you on level 2 of the Lair of Beasts)
 d - a +2 rod of inaccuracy (14/14)
   (You took it off an orc high priest on level 3 of the Elven Halls)
Jewellery
 n - an uncursed ring of protection from fire
 u - the amulet "Eloliuj" {RegenMP rC+ Int-3 Stlth+}
   (You took it off a deep elf death mage on level 3 of the Elven Halls)

   [amulet of magic regeneration]

   It increases your magic regeneration.
   It affects your intelligence (-3).
   It protects you from cold.
   It makes you more stealthy.
 v - a +4 ring of evasion (right hand)
 x - the ring "Ofrupp" {rPois rF+ rN+ Dex-3}
   (You found it on level 1 of the Lair of Beasts)

   [ring of poison resistance]

   It affects your dexterity (-3).
   It protects you from fire.
   It protects you from poison.
   It protects you from negative energy.
 P - the ring "Jedeq" (left hand) {rN+ MP+9 Str+5 Int+4 Dex+3}
   (You found it on level 15 of the Dungeon)

   [ring of strength]

   It affects your strength (+5).
   It affects your intelligence (+4).
   It affects your dexterity (+3).
   It protects you from negative energy.
   It affects your magic capacity (+9).
 Q - the amulet of Ryuqood (around neck) {Reflect rPois SH+3}
   (You bought it in a shop on level 2 of the Orcish Mines)

   [amulet of reflection]

   It shields you and reflects attacks.
   It protects you from poison.
   It affects your SH (+3).
Wands
 j - a wand of paralysis (15/24)
 s - a wand of digging (8/24)
 H - a wand of disintegration (3/24)
 I - a wand of lightning (0/15)
 N - a wand of iceblast (9/15)
 X - a wand of heal wounds (6/9)
Scrolls
 f - 3 scrolls of fog
 h - a scroll of teleportation
 k - 14 scrolls of identify
 y - 11 scrolls of remove curse
 z - a scroll of blinking
 B - a scroll of fear
 M - 2 scrolls of magic mapping
Potions
 c - 11 potions of flight
 r - 13 potions of curing
 A - 6 potions of heal wounds
 C - 2 potions of haste
 K - 3 potions of resistance
 W - 19 potions of magic
Books
 m - a book of Enchantments

   Spells                             Type                      Level
   a - Cause Fear                     Hexes                        4
   b - Yara's Violent Unravelling     Hexes/Transmutation          5
   c - Silence                        Hexes/Air                    5
   d - Deflect Missiles               Charms/Air                   6
   e - Haste                          Charms                       6
   f - Discord                        Hexes                        8
Miscellaneous
 e - a legendary deck of changes {the Blade, drawn: 1}
 p - a stone of tremors
 t - a disc of storms
 E - a phial of floods
 F - a lamp of fire (inert)
 R - a legendary deck of escape {the Alchemist, drawn: 1}
 V - 2 phantom mirrors
 Z - a box of beasts {used: 3}
Comestibles
 g - 15 meat rations
 L - 2 royal jellies


   Skills:
 + Level 22.9 Fighting
 - Level 10.0 Short Blades
 - Level 11.0 Throwing
 - Level 10.0 Armour
 - Level 14.9 Dodging
 - Level 19.9 Stealth
 + Level 6.8 Spellcasting
 + Level 5.8 Charms
 - Level 4.2 Translocations
 - Level 24.0 Evocations


You had 16 spell levels left.
You knew the following spells:

 Your Spells              Type           Power        Failure   Level  Hunger
a - Apportation           Tloc           ###.......   10%         1    None
b - Blink                 Tloc           N/A          12%         2    #......
c - Deflect Missiles      Chrm/Air       ##........   100%        6    #######
d - Haste                 Chrm           ###.....     100%        6    #######
e - Silence               Hex/Air        #.........   100%        5    ######.


Dungeon Overview and Level Annotations

Branches:
Dungeon (15/15)            Temple (1/1) D:5            Lair (8/8) D:8
  Swamp (4/4) Lair:5       Spider (4/4) Lair:6        Slime (0/6) Lair:8
    Orc (2/2) D:11            Elf (3/3) Orc:2        Vaults (3/5) D:14
  Crypt (0/3) Vaults:2     Depths (3/5) D:15

Altars:
Ashenzari
Cheibriados
Dithmenos
Elyvilon
Fedhas
Gozag
Kikubaaqudgha
Makhleb
Nemelex Xobeh
Okawaru
Pakellas
Qazlal
Ru
Sif Muna
Trog
Vehumet
Xom
Yredelemnul
Zin
The Shining One
Beogh

Shops:
D:5 !   D:6 !   D:9 =   D:14 }   Orc:1 ?   Orc:2 =*![[   Vaults:1 *=*?
Depths:2 *

Portals:
Hell: Depths:1 Depths:2
Abyss: Depths:1
Pandemonium: Depths:1

Annotations:
D:4 Duraxyll's ghost, novice MfBe
Spider:1 exclusion: Roxanne, Roxanne


Innate Abilities, Weirdness & Mutations

You are small and have problems with some larger weapons.
You are carnivorous and can eat meat at any time.
You are surrounded by a mild repulsion field (EV +2).


Message History

The tengu warrior pecks you but does no damage.
The tengu warrior completely misses you.
There is an open door here.
A spriggan air mage comes into view.
The spriggan air mage moves out of view.
The tengu warrior hits you with a dire flail!
* * * LOW HITPOINT WARNING * * *
The tengu warrior completely misses you.
You block the tengu warrior's attack.
Your magical contamination has completely faded away.
The spriggan air mage shouts!
The spriggan air mage gestures at you while chanting.
The bolt of lightning hits you!
* * * LOW HITPOINT WARNING * * *
The spriggan air mage gestures wildly while chanting.
The winds start to flow at the spriggan air mage's will.
The spriggan air mage waves its arms in wide circles.
The air twists around and strikes you!
You die...
Pakellas says: Back to the drawing board!

#§≈§≈≈§§#.......)..............##
#≈§§≈§§≈#......................##
#§≈≈§§§§#.....................[##
#§§§§≈§≈#.....i........<.......##
*≈≈≈≈≈§≈#....................[.##
*≈≈≈≈≈≈≈#....[.................##
********#......................##
,,,,,,,,...............).......##
*******'#####'##@###'#####'######
*,**#.....QQ....# #.#
*,,.....#####.#.####.###### *
**.##.#** #.............. **
*,*#.* ###.##.#.###... ,** *,*#,*
#.##.#....... ,,** *,**,*
#.##...#...≈≈ ,,>* *,**,*
#.####.#..≈≈# ,,******,**,* #.#
#.##.≈##


You could see 2 tengu warriors and a spriggan air mage.

Vanquished Creatures
  A caustic shrike (shapeshifter) (Depths:2)
  Saint Roka (Depths:2)
  Asterion (Depths:1)
  A deep elf blademaster (Elf:3)
  2 liches
  A deep elf master archer (Elf:3)
  Frances (D:12)
  4 tentacled starspawn (Abyss:1)
  2 thorn hunters
  6 fire giants
  A tengu reaver (Depths:2)
  Donald (Spider:1)
  4 deep elf sorcerers
  Aizul (Depths:2)
  3 frost giants
  Maud (D:12)
  3 ghost moths
  3 vault wardens
  An angel (Abyss:1)
  9 emperor scorpions
  A ghoul (Vaults:2)
  10 ironheart preservers
  5 deep elf elementalists
  2 spriggan defenders (Depths:2)
  13 very ugly things
  7 stone giants
  An apis (Elf:1)
  4 deep elf demonologists
  3 vampire knights
  9 deep elf annihilators
  6 ettins
  7 deep elf death magi (Elf:3)
  2 spark wasps
  Josephine (D:15)
  5 deep elf high priests
  A yaktaur captain (Vaults:1)
  5 great orbs of eyes
  11 fire dragons
  2 vault guards
  Erolcha (D:10)
  8 entropy weavers
  Harold (Lair:1)
  39 hydras
  7 ogre magi
  4 rakshasas
  5 ice dragons
  2 catoblepae
  A death knight (D:12)
  11 centaur warriors
  5 alligators
  A deep troll earth mage (Vaults:2)
  A queen ant (Lair:3)
  11 death yaks
  A spriggan berserker (Depths:2)
  2 deep troll shamans
  2 thrashing horrors
  4 orc high priests
  32 dancing weapons
  2 vampire magi (Vaults:2)
  4 tengu warriors
  27 deep elf knights
  Sonja (Lair:1)
  A fire crab (Lair:8)
  2 fire crabs (shapeshifter)
  2 shadow wraiths (Vaults:1)
  5 hell knights
  A wretched star (Abyss:1)
  2 storm dragon skeletons
  A skeletal warrior (Vaults:2)
  8 death scarabs (Spider:4)
  A golden dragon zombie (Depths:2)
  19 deep trolls
  2 iron trolls
  13 deep elf archers
  A flayed ghost (Vaults:2)
  2 giant orange brains
  3 unseen horrors
  11 swamp dragons
  14 hill giants
  A lindwurm (Lair:7)
  6 shambling mangroves
  2 harpies
  6 spectral wolf spiders (Spider:4)
  4 ironbrand convokers
  A wizard (D:14)
  7 orc knights
  2 necromancers
  An oklob plant (Lair:8)
  52 deep elf magi
  17 orb spiders
  27 ugly things
  3 griffons
  A stone giant zombie (Depths:2)
  5 orc sorcerers
  A hornet (shapeshifter) (Elf:1)
  A salamander (shapeshifter) (Depths:1)
  44 wolf spiders
  8 cyclopes
  9 hornets
  A worldbinder (Abyss:1)
  21 elephants
  2 moths of wrath
  A sixfirhy (Abyss:3)
  5 manticores (Elf:1)
  A dire elephant zombie (Abyss:1)
  6 black mambas
  A guardian serpent (shapeshifter) (Vaults:2)
  Joseph (D:9)
  5 smoke demons
  4 vault sentinels
  A gargoyle (D:12)
  2 orange demons (Depths:1)
  7 komodo dragons
  2 kobold demonologists
  21 spiny frogs
  A torpor snail (Spider:4)
  4 spectral redbacks (Spider:4)
  13 yaktaurs
  4 rime drakes
  10 demonic crawlers
  2 tengu conjurers
  A tormentor (Depths:1)
  An ancient zyme (Abyss:1)
  15 trolls
  A jumping spider (shapeshifter) (D:13)
  5 spriggan druids
  7 giant leeches
  27 jumping spiders
  4 polar bears
  2 hellwings
  Grinder (D:4)
  An ice devil (D:15)
  20 two-headed ogres
  3 spectral jumping spiders (Spider:4)
  4 spectral tarantellas (Spider:4)
  3 hornet zombies (Spider:4)
  7 blink frogs
  2 fire giant simulacra
  Prince Ribbit (D:9)
  2 jumping spider zombies (Spider:4)
  9 raiju (Abyss:3)
  A snapping turtle (shapeshifter) (Vaults:1)
  44 slime creatures
  8 bog bodies
  4 boulder beetles
  2 tarantella zombies (Spider:4)
  89 redbacks
  4 spriggans
  A ynoxinul (Abyss:3)
  2 shadows
  3 water elementals
  An air elemental (Abyss:1)
  4 small abominations
  2 wyverns (D:12)
  A centaur simulacrum (D:15)
  2 flying skulls (Abyss:3)
  8 wraiths
  43 yaks
  Grum (Lair:1)
  35 tarantellas
  2 vampires
  4 basilisks
  3 fire elementals
  2 hungry ghosts
  A steam dragon (Lair:7)
  14 hippogriffs
  2 neqoxecs
  32 vampire mosquitoes
  2 hippogriffs (shapeshifter)
  2 wargs
  11 insubstantial wisps
  23 swamp worms
  10 large abominations
  20 soldier ants (Lair:3)
  Duvessa (D:4)
  2 mottled dragons
  22 water moccasins
  14 porcupines
  10 hell hounds
  A water moccasin (shapeshifter) (Vaults:2)
  35 orc warriors
  20 swamp drakes
  A black bear (Lair:8)
  5 sky beasts
  7 ice beasts
  10 wasps
  42 ogres
  An eye of draining (D:14)
  5 phantoms
  11 starcursed masses
  4 boggarts (Depths:1)
  6 centaurs
  28 wolves
  26 crocodiles
  18 giant frogs
  A gnoll sergeant (D:6)
  4 big kobolds
  Blork the orc (D:4)
  5 earth elementals
  6 scorpions
  Dowan (D:5)
  12 killer bees
  9 wights
  3 electric eels
  9 crimson imps
  5 howler monkeys
  4 centaur zombies
  2 giant frog zombies (D:13)
  3 giant frog skeletons
  9 hounds
  5 jellies
  4 quasits
  Crazy Yiuf (D:5)
  5 centaur skeletons
  23 orc priests
  22 orc wizards
  5 iron imps
  12 iguanas
  26 worker ants
  A killer bee zombie (D:8)
  8 sheep
  A hound zombie (D:9)
  3 hound skeletons
  12 gnolls
  A howler monkey skeleton (D:9)
  13 adders
  91 river rats
  4 shadow imps
  16 white imps
  2 ufetubi (Abyss:1)
  2 oozes
  An adder zombie (D:5)
  An adder skeleton (D:5)
  3 worms
  3 dart slugs
  12 giant geckos
  101 orcs
  5 giant cockroaches
  14 goblins
  13 hobgoblins
  2 jackals (D:1)
  4 quokkas
  7 bats
  A giant gecko skeleton (D:5)
  4 giant newts
  A jackal zombie (D:6)
  20 kobolds
  2 quokka skeletons
  11 rats
  4 fungi
2023 creatures vanquished.

Vanquished Creatures (collateral kills)
  An ancient lich (Abyss:1)
  A profane servitor (Abyss:1)
  A deep elf blademaster (Elf:3)
  A very ugly thing (Depths:1)
  An ettin (Depths:1)
  A fire dragon (Depths:2)
  An ice dragon (Depths:1)
  An ogre mage (Vaults:2)
  4 dancing weapons (Elf:2)
  A deep elf knight (Elf:2)
  A deep troll (Vaults:2)
  2 wizards
  A deep elf archer (Elf:2)
  A wolf spider zombie (D:15)
  An ugly thing (Depths:1)
  A deep elf mage (Elf:2)
  2 wolf spiders (Vaults:1)
  2 yaktaurs (Depths:2)
  A troll (D:15)
  A two-headed ogre (D:15)
  An orc warrior (D:15)
  6 ogres
  2 orcs (D:15)
35 creatures vanquished.

Vanquished Creatures (others)
  A deep elf master archer (Elf:3)
  A ghost moth (Spider:4)
  A hydra (Elf:1)
  3 ogre magi
  A deep elf knight (Elf:2)
  A giant orange brain (shapeshifter) (Elf:2)
  2 deep elf archers
  5 deep elf magi
  An orc knight (Vaults:2)
  A hornet (Vaults:2)
  A yaktaur (Depths:1)
  A tengu conjurer (Depths:2)
  A slime creature (D:15)
  A redback (Spider:4)
  A fire elemental (Elf:2)
  A small abomination (Abyss:3)
  A vampire mosquito (D:14)
  A swamp worm (Swamp:4)
  2 ogres
  A boggart (Depths:1)
  A crimson imp (D:15)
  An orc wizard (D:15)
  3 orcs
  A bush (Lair:4)
  A demonic plant (Abyss:3)
  9 fungi
  9 plants
  20 starspawn tentacles
  479 starspawn tentacle segments
552 creatures vanquished.

Grand Total: 2610 creatures vanquished

Notes
Turn   | Place    | Note
--------------------------------------------------------------
     0 | D:1      | mmcf the Kobold Assassin began the quest for the Orb.
     0 | D:1      | Reached XP level 1. HP: 12/12 MP: 1/1
   208 | D:1      | Reached XP level 2. HP: 17/17 MP: 2/2
   591 | D:1      | Reached XP level 3. HP: 21/21 MP: 3/3
  1079 | D:2      | Reached XP level 4. HP: 25/26 MP: 4/4
  1550 | D:3      | Found a shimmering altar of Xom.
  1864 | D:2      | Reached XP level 5. HP: 30/30 MP: 5/5
  2261 | D:2      | Found a sacrificial altar of Ru.
  2330 | D:2      | Found an ancient bone altar of Kikubaaqudgha.
  2340 | D:2      | Found an iron altar of Okawaru.
  2807 | D:3      | Reached XP level 6. HP: 35/35 MP: 6/6
  3047 | D:3      | Reached skill level 5 in Short Blades
  3549 | D:5      | Entered Level 5 of the Dungeon
  3549 | D:5      | Noticed Dowan
  3552 | D:5      | Noticed Duvessa
  3554 | D:5      | Killed Dowan
  3775 | D:4      | Noticed Grinder
  3777 | D:4      | Noticed Duraxyll's ghost (novice MfBe)
  3782 | D:4      | Paralysed by Grinder for 2 turns
  3944 | D:4      | Killed Duvessa
  3944 | D:4      | Reached XP level 7. HP: 26/41 MP: 5/7
  4668 | D:4      | Paralysed by Grinder for 3 turns
  4694 | D:4      | Killed Grinder
  4694 | D:4      | Reached skill level 5 in Fighting
  5170 | D:5      | Reached XP level 8. HP: 49/49 MP: 8/8
  5330 | D:4      | Reached skill level 5 in Dodging
  5562 | D:4      | Noticed Blork the orc
  5585 | D:4      | Killed Blork the orc
  5871 | D:4      | Found a glowing silver altar of Zin.
  6204 | D:5      | Got a translucent ring mail
  6215 | D:5      | Identified the +5 ring mail of Coronation {rCorr Int-5 Dex+4} (You found it on level 5 of the Dungeon)
  6239 | D:5      | Noticed Crazy Yiuf
  6243 | D:5      | Killed Crazy Yiuf
  6286 | D:5      | Found a staircase to the Ecumenical Temple.
  6292 | Temple   | Entered the Ecumenical Temple
  6420 | Temple   | Became a worshipper of Pakellas the Inventive
  6504 | D:5      | Found Fant's Distillery.
  6509 | D:5      | Bought a potion of haste for 120 gold pieces
  6509 | D:5      | Bought a potion of heal wounds for 60 gold pieces
  6509 | D:5      | Bought a potion of mutation for 30 gold pieces
  6526 | D:5      | Reached skill level 1 in Evocations
  6959 | D:5      | Reached skill level 2 in Evocations
  7296 | D:5      | Reached XP level 9. HP: 57/57 MP: 9/11
  7438 | D:6      | Reached skill level 3 in Evocations
  7713 | D:6      | Reached skill level 4 in Evocations
  7918 | D:7      | Noticed a hill giant
  7950 | D:7      | Killed a hill giant
  7950 | D:7      | Reached skill level 5 in Evocations
  7982 | D:6      | Reached * piety under Pakellas
  7982 | D:6      | Received a gift from Pakellas
  8013 | D:6      | Found a white marble altar of Elyvilon.
  8151 | D:6      | Found Hevvixie's Distillery.
  8159 | D:6      | Bought a potion of flight for 33 gold pieces
  8278 | D:6      | Reached skill level 6 in Evocations
  8670 | D:6      | Found a basalt altar of Yredelemnul.
  8927 | D:8      | Found a deep blue altar of Sif Muna.
  9185 | D:7      | Reached XP level 10. HP: 66/66 MP: 14/14
  9707 | D:8      | Reached skill level 7 in Evocations
  9954 | D:8      | Reached ** piety under Pakellas
  9954 | D:8      | Received a gift from Pakellas
 10062 | D:8      | Got an iridescent scimitar
 10396 | D:8      | Reached skill level 8 in Evocations
 10420 | D:8      | Reached skill level 10 in Stealth
 10577 | D:8      | Reached skill level 10 in Fighting
 10955 | D:8      | Noticed a komodo dragon
 10956 | D:8      | Found a staircase to the Lair.
 10958 | D:8      | Reached *** piety under Pakellas
 10958 | D:8      | Received a gift from Pakellas
 11310 | D:8      | Killed a komodo dragon
 11885 | D:8      | Noticed a komodo dragon
 11888 | D:8      | Killed a komodo dragon
 12037 | D:8      | Reached skill level 9 in Evocations
 12354 | Lair:1   | Entered Level 1 of the Lair of Beasts
 12354 | Lair:1   | Noticed Sonja
 12362 | Lair:1   | Killed Sonja
 12362 | Lair:1   | Reached skill level 5 in Throwing
 12362 | Lair:1   | Reached XP level 11. HP: 72/72 MP: 17/17
 12749 | Lair:1   | Reached skill level 1 in Armour
 12940 | Lair:1   | Reached **** piety under Pakellas
 12940 | Lair:1   | Received a gift from Pakellas
 13309 | Lair:2   | Reached skill level 10 in Evocations
 13373 | Lair:1   | Noticed Harold
 13375 | Lair:1   | Noticed Grum
 13439 | Lair:1   | Killed Grum
 13523 | Lair:1   | Got a faintly glowing steel ring
 13525 | Lair:1   | Identified the ring "Ofrupp" {rPois rF+ rN+ Dex-3} (You found it on level 1 of the Lair of Beasts)
 13682 | Lair:1   | Killed Harold
 14341 | Lair:3   | Noticed a five-headed hydra
 14804 | Lair:2   | Reached XP level 12. HP: 77/77 MP: 16/20
 15037 | Lair:2   | Reached ***** piety under Pakellas
 15037 | Lair:2   | Received a gift from Pakellas
 15066 | Lair:2   | Reached skill level 11 in Evocations
 15363 | Lair:2   | Reached skill level 10 in Dodging
 15666 | Lair:4   | Reached skill level 10 in Short Blades
 15677 | Lair:4   | Noticed a six-headed hydra
 15842 | Lair:3   | Killed a five-headed hydra
 16417 | Lair:3   | Noticed a queen ant
 16437 | Lair:3   | Reached skill level 12 in Evocations
 16499 | Lair:3   | Killed a queen ant
 16849 | Lair:3   | Reached ****** piety under Pakellas
 16849 | Lair:3   | Reached XP level 13. HP: 84/84 MP: 22/22
 16976 | Lair:3   | Noticed a five-headed hydra
 16983 | Lair:3   | Killed a five-headed hydra
 17184 | Lair:4   | Killed a six-headed hydra
 17450 | Lair:4   | Got a translucent ring mail
 17710 | Lair:1   | Reached skill level 13 in Evocations
 17799 | Lair:2   | Identified the cursed +0 ring mail of the Cast Vote {Int+2} (You found it on level 4 of the Lair of Beasts)
 18413 | Lair:4   | Got an ominously black robe
 18492 | Lair:4   | Noticed an eight-headed hydra
 18499 | Lair:4   | Killed an eight-headed hydra
 18510 | Lair:4   | Identified the +1 robe of Terror {MR+} (You found it on level 4 of the Lair of Beasts)
 19413 | Lair:5   | Noticed a catoblepas
 19450 | Lair:5   | Killed a catoblepas
 20675 | Lair:5   | Found a staircase to the Swamp.
 21972 | Lair:6   | Found a hole to the Spider Nest.
 22451 | Lair:6   | Reached skill level 14 in Evocations
 22609 | Lair:7   | Reached XP level 14. HP: 92/92 MP: 24/24
 22652 | Lair:8   | Entered Level 8 of the Lair of Beasts
 22765 | Lair:8   | Found a staircase to the Slime Pits.
 23099 | Lair:7   | Found a sacrificial altar of Ru.
 26059 | Lair:7   | Reached skill level 15 in Evocations
 28333 | Lair:8   | Reached XP level 15. HP: 100/100 MP: 26/26
 29102 | Lair:8   | Identified the Papyrus of Ensnaring Summoning
 29734 | D:10     | Entered Level 10 of the Dungeon
 29735 | D:10     | Noticed Erolcha
 29763 | D:10     | Killed Erolcha
 29787 | D:9      | Noticed Joseph
 29795 | D:9      | Killed Joseph
 30334 | D:9      | Noticed Prince Ribbit
 30351 | D:9      | Killed Prince Ribbit
 30359 | D:9      | Found Empozxuw's Jewellery Shoppe.
 30374 | D:9      | Bought an uncursed amulet of regeneration for 390 gold pieces
 30854 | D:11     | Found a staircase to the Orcish Mines.
 31669 | D:12     | Noticed Frances
 31673 | D:12     | Noticed Maud
 31721 | D:11     | Found a roughly hewn altar of Beogh.
 32125 | Orc:1    | Entered Level 1 of the Orcish Mines
 32205 | Orc:1    | Reached skill level 16 in Evocations
 32267 | Orc:2    | Entered Level 2 of the Orcish Mines
 32267 | Orc:2    | Found a staircase to the Elven Halls.
 32470 | Orc:1    | Found Zada's Magic Scroll Shop.
 32584 | Orc:1    | Found a bloodstained altar of Trog.
 33141 | Orc:2    | Found Foigin's Armour Emporium.
 34061 | Orc:2    | Paralysed by an orc sorcerer for 2 turns
 34121 | Orc:2    | Paralysed by an orc sorcerer for 3 turns
 34896 | Orc:2    | Found Suxaek's Jewellery Boutique.
 34896 | Orc:2    | Found Osoh's Armour Emporium.
 34898 | Orc:2    | Found Taget's Assorted Antiques.
 34898 | Orc:2    | Found Wioblik's Distillery.
 34922 | Orc:2    | Reached skill level 15 in Fighting
 35065 | Orc:2    | Bought a +2 pair of gloves of dexterity for 365 gold pieces
 35167 | Orc:2    | Bought the amulet of Ryuqood {Reflect rPois SH+3} for 506 gold pieces
 35171 | Orc:2    | Bought a legendary deck of cards for 650 gold pieces
 35253 | Orc:1    | Noticed a stone giant
 35282 | Orc:1    | Killed a stone giant
 35752 | D:12     | Killed Frances
 35762 | D:12     | Killed Maud
 35799 | D:12     | Reached XP level 16. HP: 74/108 MP: 20/28
 36022 | D:12     | Reached skill level 15 in Stealth
 36364 | D:12     | Got a twisted cloak
 36428 | D:12     | Identified the +2 cloak of the Stars {Dex+4} (You found it on level 12 of the Dungeon)
 37706 | D:12     | Reached skill level 17 in Evocations
 37778 | D:12     | Noticed a frost giant
 37792 | D:12     | Killed a frost giant
 38252 | Spider:1 | Entered Level 1 of the Spider Nest
 38253 | Spider:1 | Noticed Donald
 38557 | Spider:1 | Killed Donald
 39014 | Spider:1 | Noticed Roxanne
 40706 | Spider:2 | Reached skill level 5 in Armour
 40873 | Spider:2 | Reached XP level 17. HP: 115/115 MP: 9/29
 41940 | Spider:2 | Reached skill level 18 in Evocations
 43112 | Spider:4 | Entered Level 4 of the Spider Nest
 45860 | Spider:4 | Reached XP level 18. HP: 121/123 MP: 31/31
 49570 | Spider:4 | Reached skill level 19 in Evocations
 50535 | Spider:4 | Got a gossamer rune of Zot
 51031 | Orc:1    | Bought a scroll of magic mapping for 56 gold pieces
 53078 | Swamp:1  | Entered Level 1 of the Swamp
 53829 | Swamp:1  | Reached skill level 10 in Throwing
 54165 | Swamp:2  | Reached XP level 19. HP: 130/130 MP: 12/32
 56475 | Swamp:2  | Got a dazzling helmet
 56486 | Swamp:2  | Identified the -5 helmet of the Princess {Int+2 SInv} (You found it on level 2 of the Swamp)
 56716 | Swamp:4  | Entered Level 4 of the Swamp
 59958 | Swamp:4  | Reached skill level 20 in Evocations
 60783 | Swamp:4  | Reached XP level 20. HP: 61/137 MP: 29/34
 60805 | Swamp:4  | Got a decaying rune of Zot
 61519 | D:15     | Entered Level 15 of the Dungeon
 61817 | D:14     | Learned a level 1 spell: Apportation
 62129 | D:15     | Noticed Josephine
 62136 | D:15     | Killed Josephine
 62326 | D:14     | Gained mutation: You are surrounded by a mild repulsion field (EV +2). [potion of beneficial mutation]
 62645 | D:14     | Found a gate to the Vaults.
 62678 | Vaults:1 | Entered Level 1 of the Vaults
 63100 | D:14     | Found Hutymer's Gadget Shoppe.
 63122 | D:14     | Bought a lamp of fire for 600 gold pieces
 63122 | D:14     | Bought a disc of storms for 300 gold pieces
 63702 | Elf:1    | Entered Level 1 of the Elven Halls
 66160 | Vaults:1 | Found Qystiah's Assorted Antiques.
 66163 | Vaults:1 | Found Lylenweu's Magic Scroll Shop.
 68289 | D:15     | Got an ancient brass ring
 68290 | D:15     | Identified the ring "Jedeq" {rN+ MP+9 Str+5 Int+4 Dex+3} (You found it on level 15 of the Dungeon)
 68673 | D:15     | Reached skill level 21 in Evocations
 68939 | D:15     | Found a staircase to the Depths.
 69182 | D:15     | Reached XP level 21. HP: 88/144 MP: 35/35
 70767 | Vaults:1 | Found Ujeck's Assorted Antiques.
 70779 | Vaults:1 | Found Amuokack's Jewellery Boutique.
 71127 | Vaults:2 | Found a staircase to the Crypt.
 71684 | Vaults:2 | Reached skill level 22 in Evocations
 73444 | Elf:1    | Got a distressingly furry chain mail
 73455 | Elf:1    | Identified the cursed +0 chain mail of Responsibility {rC+ Regen+ Stlth+} (You took it off a deep elf high priest on level 1 of the Elven Halls)
 73682 | Elf:1    | Reached XP level 22. HP: 153/153 MP: 19/37
 74018 | Elf:2    | Found a runed gate.
 74018 | Elf:2    | Found a runed gate.
 74018 | Elf:2    | Found a runed gate.
 74481 | Elf:3    | Entered Level 3 of the Elven Halls
 77455 | Elf:2    | Reached skill level 23 in Evocations
 77843 | Elf:3    | Identified a scroll of acquirement
 77846 | Elf:3    | Got a scorched chain mail
 77857 | Elf:3    | Identified the +8 chain mail "Juunn" {rPois rC+++ Dex-3 Stlth+} (You acquired it on level 3 of the Elven Halls)
 78898 | Elf:3    | Cast into level 3 of the Abyss (a deep elf sorcerer)
 79691 | Abyss:3  | Noticed a bone dragon
 80236 | Abyss:3  | Paralysed by accursed screaming for 1 turns
 80245 | Abyss:3  | Noticed a bone dragon
 80252 | Abyss:3  | Paralysed by accursed screaming for 2 turns
 80611 | Elf:3    | Escaped the Abyss
 80954 | Elf:3    | Reached skill level 10 in Armour
 80954 | Elf:3    | Reached XP level 23. HP: 108/160 MP: 38/38
 80981 | Elf:3    | Got a slimy diamond amulet
 80983 | Elf:3    | Identified the amulet "Eloliuj" {RegenMP rC+ Int-3 Stlth+} (You took it off a deep elf death mage on level 3 of the Elven Halls)
 81217 | Elf:3    | HP: 2/160 [deep elf annihilator/crystal spear (56)]
 82342 | Elf:3    | Identified the Guide on the Compass
 82346 | Elf:3    | Learned a level 2 spell: Blink
 82664 | Elf:3    | Learned a level 8 spell: Borgnjor's Revivification
 82936 | Elf:3    | Got an ominously black robe
 82937 | Elf:3    | Identified the +1 robe "Hilur" {rElec rF+ Int+4} (You took it off a deep elf annihilator on level 3 of the Elven Halls)
 83116 | Orc:2    | Bought the +4 scale mail of Gluttony {rC+ Dex+7 SInv} for 853 gold pieces
 83341 | Depths:1 | Entered Level 1 of the Depths
 83351 | Depths:1 | Noticed Asterion
 83363 | Depths:1 | Killed Asterion
 83487 | Depths:1 | Reached skill level 1 in Translocations
 86629 | Depths:2 | Found Errouth's Assorted Antiques.
 86634 | Depths:2 | Bought a scroll of enchant weapon for 315 gold pieces
 86669 | Depths:2 | Got a spiked ring mail
 86686 | Depths:2 | Identified the +3 ring mail "Qyalaup" {+Inv rF- MR+ MP+9} (You found it on level 2 of the Depths)
 86783 | Depths:2 | Found a gateway to Hell.
 87237 | Depths:1 | Found a one-way gate leading to the halls of Pandemonium.
 87264 | Depths:1 | Reached skill level 24 in Evocations
 87422 | Depths:1 | Learned a level 6 spell: Haste
 87672 | Depths:1 | Reached skill level 1 in Spellcasting
 87702 | Depths:1 | Reached skill level 1 in Charms
 87769 | Depths:1 | Found a one-way gate to the infinite horrors of the Abyss.
 87816 | Depths:1 | Learned a level 6 spell: Deflect Missiles
 87822 | Depths:1 | Learned a level 5 spell: Silence
 87896 | Depths:1 | Voluntarily entered the Abyss.
 88056 | Abyss:1  | Noticed a profane servitor
 88082 | Abyss:1  | Killed a profane servitor
 88179 | Abyss:1  | Found a corrupted altar of Lugonu.
 88432 | Abyss:1  | Reached XP level 24. HP: 132/135 MP: 19/39
 88825 | Abyss:1  | Noticed an ancient lich
 88904 | Abyss:1  | Killed an ancient lich
 88927 | Abyss:1  | Noticed an ancient lich
 89781 | Depths:1 | Escaped the Abyss
 89797 | Depths:1 | Paralysed by accursed screaming for 1 turns
 90791 | Depths:1 | Reached skill level 5 in Spellcasting
 92023 | Depths:2 | Noticed Saint Roka
 92034 | Depths:2 | Killed Saint Roka
 92034 | Depths:2 | Reached skill level 5 in Charms
 92537 | Depths:2 | Paralysed by a great orb of eyes for 7 turns
 92577 | Depths:2 | Noticed Aizul
 92646 | Depths:2 | Killed Aizul
 92791 | Depths:2 | Noticed a caustic shrike
 92791 | Depths:2 | a shadow dragon changed into a caustic shrike
 92800 | Depths:2 | Killed a caustic shrike
 93433 | Depths:2 | Noticed a juggernaut
 93451 | Depths:2 | HP: 4/170 [acid (9)]
 93500 | Depths:2 | Killed from afar by a spriggan air mage

Skill      XL: |  1  2  3  4  5  6  7  8  9 10 11 12 13 14 15 16 17 18 19 20 21 22 23 24 |
---------------+-------------------------------------------------------------------------+-----
Stealth        | 6 7 8 10 11 13 14 16 17 19 | 19.9
Short Blades   | 3 4 5 6 9 10 | 10.0
Dodging        | 3 4 6 8 9 10 11 12 14 | 14.9
Fighting       | 3 5 7 9 10 11 12 13 15 16 17 18 19 20 21 22 | 22.9
Evocations     | 2 6 9 10 12 14 15 16 17 18 19 20 21 22 23 24 | 24.0
Throwing       | 5 6 7 10 11 | 11.0
Armour         | 2 3 4 5 6 8 9 10 | 10.0
Translocations | 4 |  4.2
Spellcasting   | 2 6 |  6.8
Charms         | 2 5 |  5.8

Action                   |  1- 3 |  4- 6 |  7- 9 | 10-12 | 13-15 | 16-18 | 19-21 | 22-24 || total
-------------------------+-------+-------+-------+-------+-------+-------+-------+-------++-------
Melee: Dagger            |    72 |   142 |   496 |  1391 |  2987 |  3384 |  3643 |   328 || 12443
       Quick blade       |       |       |       |       |       |       |       |  3798 ||  3798
 Fire: Blowgun           |       |    28 |    16 |    16 |       |       |     1 |       ||    61
Throw: Throwing net      |       |       |     2 |     1 |     6 |    13 |    15 |    10 ||    47
Invok: Quick Charge      |       |       |       |     4 |     4 |     9 |    20 |    19 ||    56
       Device Surge      |       |       |       |       |     6 |     3 |    10 |     3 ||    22
Evoke: Wand              |       |       |     1 |    12 |    53 |    84 |   157 |    88 ||   395
       Rod               |       |       |       |     5 |    21 |    24 |    70 |    88 ||   208
       Stone of tremors  |       |       |       |       |       |       |     6 |     3 ||     9
       Phial of floods   |       |       |       |       |       |       |     4 |     3 ||     7
       Disc of storms    |       |       |       |       |       |       |     6 |     8 ||    14
       Lamp of fire      |       |       |       |       |       |       |     3 |     7 ||    10
       Deck              |       |       |       |       |       |       |     2 |       ||     2
       Box of beasts     |       |       |       |       |       |       |       |     3 ||     3
  Use: Scroll            |       |     8 |     3 |     5 |    15 |     8 |    14 |    28 ||    81
       Potion            |       |       |       |       |       |     1 |     5 |    23 ||    29
 Stab: Sleeping          |     9 |    11 |    16 |    50 |    57 |    63 |    27 |    22 ||   255
       Distracted        |     2 |       |     6 |     3 |     7 |    12 |    15 |    24 ||    69
       Held in net/web   |       |       |     2 |     2 |     5 |     7 |     6 |     7 ||    29
       Paralysed         |       |       |       |     3 |    18 |    34 |    65 |    13 ||   133
       Petrified         |       |       |       |       |     3 |       |       |       ||     3
       Petrifying        |       |       |       |       |     1 |       |       |       ||     1
       Fleeing           |       |       |       |       |       |     1 |       |       ||     1
       Confused          |       |       |       |       |       |       |     1 |       ||     1
       Invisible         |       |       |       |       |       |       |       |     3 ||     3
  Eat: Chunk             |     9 |     8 |    16 |    30 |    73 |    47 |    91 |    77 ||   351
       Pizza             |       |       |       |       |     1 |     2 |       |       ||     3
       Meat ration       |       |       |       |       |       |     3 |       |     3 ||     6
       Beef jerky        |       |       |       |       |       |     1 |     2 |       ||     3
       Royal jelly       |       |       |       |       |       |     1 |       |       ||     1
Armor: Robe              |    11 |    17 |     2 |       |       |       |       |       ||    30
       Leather armour    |       |     4 |    27 |       |       |       |       |       ||    31
       Ring mail         |       |       |    46 |   161 |   483 |   644 |   532 |   141 ||  2007
       Scale mail        |       |       |       |       |       |       |       |   247 ||   247
       Chain mail        |       |       |       |       |       |       |       |     2 ||     2
Dodge: Dodged            |    42 |    68 |   303 |   952 |  2510 |  3858 |  3885 |  2598 || 14216
Block: Other             |       |       |       |       |     6 |   354 |   355 |   240 ||   955
       Reflection        |       |       |       |       |       |     1 |     8 |    14 ||    23
